 Dungeon Crawl Stone Soup version 0.23-a0-54-gae6112e (webtiles) character file.

336 galech the Twirler (level 6, 0/44 HPs)
             Began as a Gnoll Wanderer on Aug 8, 2018.
             Was an Initiate of Okawaru.
             Slain by a sky beast (5 damage)
             ... on level 5 of the Dungeon.
             The game lasted 00:06:00 (4486 turns).

galech the Twirler (Gnoll Wanderer)                 Turns: 4486, Time: 00:06:01

Health: 0/44       AC: 10    Str: 14    XL:     6   Next: 54%
Magic:  11/11      EV:  4    Int: 14    God:    Okawaru [......]
Gold:   232        SH:  0    Dex: 17    Spells: 10/11 levels left

rFire    + . .     SeeInvis +   n - +2 dagger (speed)
rCold    . . .     Gourm    +   (no shield)
rNeg     . . .     Faith    .   d - +0 plate armour
rPois    .         Spirit   .   (no helmet)
rElec    .         Reflect  .   (no cloak)
rCorr    .         Harm     .   (no gloves)
MR       .....                  (no boots)
Stlth    ..........             j - amulet of the gourmand
HPRegen  0.14/turn              l - ring of protection from fire
MPRegen  0.12/turn              w - ring of see invisible

@: no status effects
A: distributed training, fangs 1, strong nose
a: Renounce Religion


You were on level 5 of the Dungeon.
You worshipped Okawaru.
Okawaru was noncommittal.
You were full.

You visited 2 branches of the dungeon, and saw 6 of its levels.

You collected 232 gold pieces.

Inventory:

Hand Weapons
 n - a +2 dagger of speed (weapon)
Armour
 d - a +0 plate armour (worn)
Magical Staves
 s - an uncursed staff of summoning
Jewellery
 j - an amulet of the gourmand (around neck)
 l - a ring of protection from fire (left hand)
 w - a ring of see invisible (right hand)
Wands
 a - a wand of paralysis (15)
Scrolls
 b - a scroll of fog {unknown}
 g - a scroll of teleportation {unknown}
 h - a scroll of fear {unknown}
 k - 5 scrolls of identify {unknown}
 m - 2 scrolls of enchant armour {unknown}
 o - 2 scrolls of enchant weapon {unknown}
 p - 2 scrolls of immolation {unknown}
 v - a scroll of amnesia {unknown}
 x - a scroll of noise {unknown}
Potions
 c - a potion of curing {unknown}
 e - 3 potions of brilliance {unknown}
 i - 4 potions of lignification {unknown}
 q - a potion of berserk rage {unknown}
 r - a potion of ambrosia {unknown}
 t - 2 potions of might {unknown}
 u - a potion of haste {unknown}
 z - 2 potions of agility {unknown}
Comestibles
 f - 7 rations


   Skills:
 + Level 2.0 Fighting
 + Level 2.0 Short Blades
 + Level 2.0 Long Blades
 + Level 2.0 Axes
 + Level 2.0 Maces & Flails
 + Level 2.0 Polearms
 + Level 6.8 Staves
 + Level 2.0 Slings
 + Level 2.0 Bows
 + Level 2.0 Crossbows
 + Level 2.0 Throwing
 + Level 2.0 Armour
 + Level 2.0 Dodging
 + Level 2.0 Stealth
 + Level 3.2 Shields
 + Level 2.0 Unarmed Combat
 + Level 3.4 Spellcasting
 + Level 1.5 Conjurations
 + Level 1.5 Hexes
 + Level 1.5 Charms
 + Level 4.1 Summonings
 + Level 1.5 Necromancy
 + Level 1.5 Translocations
 + Level 1.5 Transmutations
 + Level 1.5 Fire Magic
 + Level 1.5 Ice Magic
 + Level 1.5 Air Magic
 + Level 1.5 Earth Magic
 + Level 4.1 Poison Magic
 + Level 2.1 Invocations
 + Level 3.2 Evocations


You had 10 spell levels left.
You knew the following spells:

 Your Spells              Type           Power        Failure   Level  Hunger
a - Sting                 Conj/Pois      ##..         100%        1    #......

Your spell library contained the following spells:

 Spells                   Type           Power        Failure   Level  Hunger
 Confuse                  Hex            #.......     100%        3    ###....
 Spider Form              Tmut/Pois      ##........   100%        3    ###....
 Confusing Touch          Hex            #.....       100%        1    #......
 Metabolic Englaciation   Hex/Ice        #.........   100%        5    ######.
 Petrify                  Tmut/Erth      #.......     100%        4    #####..
 Beastly Appendage        Tmut           #.....       100%        1    #......
 Gell's Gravitas          Tloc           #.........   100%        3    ###....
 Yara's Violent Unravell  Hex/Tmut       #.........   100%        5    ######.


Dungeon Overview and Level Annotations

Branches:
Dungeon (5/15)             Temple (1/1) D:4

Altars:
Ashenzari
Cheibriados
Dithmenos
Elyvilon
Fedhas
Gozag
Hepliaklqana
Kikubaaqudgha
Makhleb
Nemelex Xobeh
Okawaru
Qazlal
Ru
Sif Muna
Trog
Uskayaw
Vehumet
Xom
Yredelemnul
Zin
The Shining One


Innate Abilities, Weirdness & Mutations

Your experience applies equally to all skills.
You have very sharp teeth.
Your uncanny sense of smell can sniff out nearby items.


Message History

You miss the sky beast.
The sky beast is severely wounded.
You miss the sky beast.
The sky beast is severely wounded.
The sky beast hits you. The sky beast shocks you.
* * * LOW HITPOINT WARNING * * *
You hit the sky beast.
The sky beast is severely wounded.
The sky beast hits you.
* * * LOW HITPOINT WARNING * * *
The sky beast shocks you.
* * * LOW HITPOINT WARNING * * *
You hit the sky beast but do no damage.
The sky beast is severely wounded.
You hit the sky beast.
The sky beast is almost dead.
The sky beast hits you.
* * * LOW HITPOINT WARNING * * *
The sky beast shocks you.
You die...

##...........
#..?.........
#............
#............
#............
#............
#............
##...........
##Y@...#<...
####### ##


You could see a sky beast.

Vanquished Creatures
  A howler monkey (D:4)
  A crimson imp (D:4)
  A hound (D:4)
  An orc wizard (D:2)
  An iguana (D:4)
  A worker ant (D:4)
  A worker ant zombie (D:3)
  A howler monkey skeleton (D:2)
  6 adders
  A shadow imp (D:4)
  An ooze (D:1)
  A dart slug (D:3)
  A leopard gecko (D:2)
  5 orcs (D:4)
  2 giant cockroaches (D:2)
  5 hobgoblins
  7 jackals
  3 quokkas (D:3)
  6 bats
  4 frilled lizards
  9 goblins
  5 kobolds
  A leopard gecko zombie (D:5)
  4 rats
  A butterfly (D:4)
70 creatures vanquished.

Vanquished Creatures (others)
  2 bats (D:3)
  A quokka (D:3)
  A rat (D:3)
4 creatures vanquished.

Grand Total: 74 creatures vanquished

Notes
Turn   | Place    | Note
-------+----------+-------------------------------------------
     0 | D:1      | galech the Gnoll Wanderer began the quest for the Orb.
     0 | D:1      | galech set off with: a wand of paralysis (15), a +0 robe, a +0 club, a ration
     0 | D:1      | Reached XP level 1. HP: 13/13 MP: 4/4
     3 | D:1      | Learned a level 1 spell: Sting
   276 | D:1      | Reached XP level 2. HP: 14/20 MP: 5/5
   467 | D:1      | Found a glowing golden altar of the Shining One.
  1259 | D:2      | Reached XP level 3. HP: 25/25 MP: 7/7
  1372 | D:2      | Found a sacrificial altar of Ru.
  1422 | D:2      | Reached skill level 1 in Fighting
  1422 | D:2      | Reached skill level 1 in Short Blades
  1422 | D:2      | Reached skill level 1 in Long Blades
  1422 | D:2      | Reached skill level 1 in Axes
  1422 | D:2      | Reached skill level 1 in Maces & Flails
  1422 | D:2      | Reached skill level 1 in Polearms
  1422 | D:2      | Reached skill level 1 in Slings
  1422 | D:2      | Reached skill level 1 in Bows
  1422 | D:2      | Reached skill level 1 in Crossbows
  1422 | D:2      | Reached skill level 1 in Throwing
  1422 | D:2      | Reached skill level 1 in Armour
  1422 | D:2      | Reached skill level 1 in Dodging
  1422 | D:2      | Reached skill level 1 in Stealth
  1422 | D:2      | Reached skill level 1 in Unarmed Combat
  1422 | D:2      | Reached skill level 1 in Invocations
  1422 | D:2      | Reached XP level 4. HP: 26/32 MP: 6/8
  1922 | D:3      | Reached skill level 1 in Conjurations
  1922 | D:3      | Reached skill level 1 in Hexes
  1922 | D:3      | Reached skill level 1 in Charms
  1922 | D:3      | Reached skill level 1 in Necromancy
  1922 | D:3      | Reached skill level 1 in Translocations
  1922 | D:3      | Reached skill level 1 in Transmutations
  1922 | D:3      | Reached skill level 1 in Fire Magic
  1922 | D:3      | Reached skill level 1 in Ice Magic
  1922 | D:3      | Reached skill level 1 in Air Magic
  1922 | D:3      | Reached skill level 1 in Earth Magic
  2078 | D:3      | Reached XP level 5. HP: 31/37 MP: 9/9
  2196 | D:3      | Found a white marble altar of Elyvilon.
  2309 | D:3      | Found a deep blue altar of Sif Muna.
  2437 | D:3      | Found a bloodstained altar of Trog.
  2521 | D:3      | Found an iron altar of Okawaru.
  2521 | D:3      | Found a faded altar of an unknown god.
  2537 | D:3      | Found a burning altar of Makhleb.
  2539 | D:3      | Became a worshipper of Warmaster Okawaru
  2671 | D:3      | Found a hide-covered altar of Uskayaw.
  2673 | D:3      | Found a hazy altar of Hepliaklqana.
  2768 | D:4      | Found a glowing silver altar of Zin.
  2772 | D:4      | Found a glowing golden altar of the Shining One.
  2791 | D:4      | Found a staircase to the Ecumenical Temple.
  3196 | D:4      | Reached XP level 6. HP: 33/44 MP: 10/10
  4062 | D:5      | Entered Level 5 of the Dungeon
  4088 | D:5      | Noticed a sky beast
  4128 | Temple   | Entered the Ecumenical Temple
  4486 | D:5      | Slain by a sky beast

Vault maps used:
D:1:      dpeg_arrival_tiny_h, tso_altar
D:2:      kennysheep_pointless_box, nicolae_ru_great_annihilating_truth
D:3:      elyvilon_altar_4, lemuel_coloured_pillars_altar,
          chequers_temple_overflow_minitemple, lemuel_doored_altar,
          first_ration, corner_web_ring
D:4:      minitemple, minmay_temple_entry_butterflies, minmay_misc_feat_doors
Temple:   minmay_freezing_vapour_temple

Skill      XL: |  1  2  3  4  5  6 |
---------------+-------------------+-----
Fighting       | 1 2 |  2.0
Short Blades   | 1 2 |  2.0
Long Blades    | 1 2 |  2.0
Axes           | 1 2 |  2.0
Maces & Flails | 1 2 |  2.0
Polearms       | 1 2 |  2.0
Slings         | 1 2 |  2.0
Bows           | 1 2 |  2.0
Crossbows      | 1 2 |  2.0
Throwing       | 1 2 |  2.0
Armour         | 1 2 |  2.0
Dodging        | 1 2 |  2.0
Stealth        | 1 2 |  2.0
Unarmed Combat | 1 2 |  2.0
Invocations    | 1 2 |  2.1
Spellcasting   | 3 |  3.4
Conjurations   | 1 |  1.5
Hexes          | 1 |  1.5
Charms         | 1 |  1.5
Necromancy     | 1 |  1.5
Translocations | 1 |  1.5
Transmutations | 1 |  1.5
Fire Magic     | 1 |  1.5
Ice Magic      | 1 |  1.5
Air Magic      | 1 |  1.5
Earth Magic    | 1 |  1.5
Shields        | 3 |  3.2
Summonings     | 4 |  4.1
Poison Magic   | 4 |  4.1
Evocations     | 3 |  3.2
Staves         | |  6.8

Action                   |  1- 3 |  4- 6 || total
-------------------------+-------+-------++-------
Melee: Club              |   166 |     9 ||   175
       Bite              |    10 |    41 ||    51
       Dagger            |       |   339 ||   339
       Staff             |       |    75 ||    75
       Punch             |       |     1 ||     1
 Cast: Sting             |     3 |       ||     3
 Stab: Invisible         |       |     1 ||     1
  Eat: Chunk             |     7 |    11 ||    18
Armor: Chain mail        |     8 |       ||     8
       Plate armour      |   201 |   259 ||   460
Dodge: Dodged            |    41 |    64 ||   105

Table legend:
 A = Spawn XP
 B = Non-spawn XP
 C = Spawn XP percentage of total XP
 D = Spawn monster count
 E = Non-spawn monster count
 F = Spawn count percentage of total count
 G = Total turns spent on level
                    A         B        C        D         E        F      G
               +---------+---------+-------+---------+---------+-------+---------
         Total |       0 |     481 |   0.0 |       0 |      70 |   0.0 |  4486
               +---------+---------+-------+---------+---------+-------+---------
           D:1 |       0 |      16 |   0.0 |       0 |       7 |   0.0 |   729
           D:2 |       0 |     105 |   0.0 |       0 |      24 |   0.0 |  1183
           D:3 |       0 |      70 |   0.0 |       0 |      19 |   0.0 |   824
           D:4 |       0 |     289 |   0.0 |       0 |      19 |   0.0 |  1505
           D:5 |       0 |       1 |   0.0 |       0 |       1 |   0.0 |    69
               +---------+---------+-------+---------+---------+-------+---------
